 Dungeon Crawl Stone Soup version 0.31-a0-963-ga325b2283a (webtiles) character file.

Game seed: 1338832734864966117

67074 tsujin the Earth Mage (level 15, -12/78 HPs)
             Began as a Gargoyle Earth Elementalist on Oct 26, 2023.
             Was a High Priest of Vehumet.
             Killed from afar by a lindwurm (34 damage)
             ... with a blast of flame
             ... on level 5 of the Lair of Beasts.
             The game lasted 01:22:02 (22189 turns).

tsujin the Earth Mage (GrEE)                       Turns: 22189, Time: 01:22:02

Health: -12/78     AC: 22    Str: 17    XL:     15   Next: 21%
Magic:  24/34      EV: 19    Int: 29    God:    Vehumet [*****.]
Gold:   2049       SH: 16    Dex: 18    Spells: 26/45 levels left

rFire   . . .        M - +1 demon blade (flame)
rCold   . . .        s - +5 kite shield "Kiguloafypn" {Dex+4}
rNeg    + . .        J - +4 robe of Augmentation {Str+4 Int+4 Dex+4}
rPois   ∞            H - +0 helmet {Int+3}
rElec   +            f - +1 cloak {Stlth+}
rCorr   .            (no gloves)
SInv    .            F - +1 pair of boots {rampage}
Will    +....        r - amulet of faith
Stlth   ++++         G - +5 ring of evasion
HPRegen 0.33/turn    (no ring)
MPRegen 0.24/turn

%: rampage, faith
@: flying
A: sickness immunity, AC +11, big wings, negative energy resistance 1,
electricity resistance, torment resistance 1, petrification resistance
a: Renounce Religion


You were on level 5 of the Lair of Beasts.
You worshipped Vehumet.
Vehumet was extremely pleased with you.
You visited 2 branches of the dungeon, and saw 19 of its levels.
You also visited: Volcano.

You collected 2049 gold pieces.

Inventory:

Hand Weapons
 M - a +1 demon blade of flaming (weapon)
Missiles
 t - 3 throwing nets
Armour
 f - a +1 cloak of stealth (worn)
 s - the +5 kite shield "Kiguloafypn" (worn) {Dex+4}
   (You found it on level 5 of the Dungeon)

   Dex+4:     It affects your dexterity (+4).
 F - a +1 pair of boots of rampaging (worn)
 H - a +0 helmet of intelligence (worn)
 J - the +4 robe of Augmentation (worn) {Str+4 Int+4 Dex+4}
   (You found it on level 12 of the Dungeon)

   Str+4:     It affects your strength (+4).
   Int+4:     It affects your intelligence (+4).
   Dex+4:     It affects your dexterity (+4).
Jewellery
 r - an amulet of faith (around neck)
 G - a +5 ring of evasion (left hand)
Talismans
 m - a blade talisman
 o - a maw talisman
Wands
 v - a wand of iceblast (11)
 y - a wand of paralysis (57)
 A - a wand of digging (9)
Scrolls
 a - 11 scrolls of identify
 c - 4 scrolls of revelation
 d - a scroll of teleportation
 e - 2 scrolls of torment
 g - 3 scrolls of fog
 h - 3 scrolls of amnesia
 j - 3 scrolls of poison
 k - 2 scrolls of immolation
 l - a scroll of blinking
 p - 2 scrolls of enchant armour
 u - a scroll of vulnerability
 D - 2 scrolls of noise {unknown}
 E - 5 scrolls of enchant weapon
Potions
 b - 4 potions of magic
 i - 3 potions of berserk rage
 n - 6 potions of brilliance
 q - 4 potions of degeneration
 w - 2 potions of mutation
 x - 5 potions of curing
 z - 2 potions of invisibility
 B - 2 potions of enlightenment
 C - 5 potions of might
 I - 2 potions of lignification
 L - a potion of haste
Miscellaneous
 K - a phial of floods


   Skills:
 + Level 3.3 Fighting
 + Level 1.6 Long Blades
 + Level 1.7 Maces & Flails
 + Level 5.7 Dodging
 + Level 4.6 Stealth
 + Level 7.9 Shields
 + Level 15.8 Spellcasting
 + Level 7.2 Conjurations
 + Level 0.8 Transmutations
 + Level 3.4 Ice Magic
 + Level 17.9 Earth Magic
 + Level 1.9 Evocations
 - Level 1.4 Shapeshifting


You had 26 spell levels left.
You knew the following spells:

 Your Spells              Type           Power      Damage    Failure   Level
a - Sandblast             Erth           100%       2d20      0%          1
b - Passwall              Tmut/Erth      55%        N/A       1%          2
c - Stone Arrow           Conj/Erth      100%       3d13      1%          3
d - Blink                 Tloc           44%        N/A       7%          2
e - Frozen Ramparts       Ice            84%        1d13      1%          3
f - Hailstorm             Conj/Ice       52%        3d12      1%          3
g - Lee's Rapid Deconstr  Erth           45%        3d22*     1%          5

Your spell library contained the following spells:

 Spells                   Type           Power      Damage    Failure   Level
 Flame Wave               Conj/Fire      44%        2d11      3%          4
 Freeze                   Ice            100%       1d10      1%          1
 Momentum Strike          Conj/Tloc      88%        3d10      1%          2
 Searing Ray              Conj           100%       2d8       1%          2
 Animate Armour           Summ/Erth      100%       N/A       1%          4
 Brom's Barrelling Bould  Conj/Erth      77%        2d9       1%          4
 Petrify                  Tmut/Erth      67%        N/A       1%          4
 Ensorcelled Hibernation  Hex/Ice        64%        N/A       3%          2
 Wereblood                Tmut           27%        N/A       4%          2
 Lesser Beckoning         Tloc           44%        N/A       7%          2
 Swiftness                Air            22%        N/A       14%         3
 Lehudib's Crystal Spear  Conj/Erth      38%        10d10     41%         8
 Orb of Destruction       Conj           30%        9d10      45%         7
 Summon Hydra             Summ           11%        N/A       100%        7
 Sublimation of Blood     Necr           Unusable   N/A       N/A         2

Dungeon Overview and Level Annotations

Branches:
Dungeon (14/15)            Temple (0/1) D:6            Lair (5/5) D:8
  Swamp (0/4) Lair:2          Orc (0/2) D:11         Vaults (0/5) D:13
Volcano (visited)
  Snake: Lair:2-3    Spider: Lair:2-3     Slime: Lair:4-5

Altars:
Cheibriados
Gozag
Makhleb
Qazlal
Ru
Uskayaw
Vehumet
Wu Jian
Yredelemnul
Zin

Shops:
D:1 *   D:2 (

Annotations:
D:10 3 runed translucent doors, arthad's ghost, journeyman HuCj


Innate Abilities, Weirdness & Mutations

You are immune to sickness and miasma.
Your stone body is resilient. (AC +11)
You are immune to poison.
Your large and strong wings let you fly.
You resist negative energy. (rN+)
You are resistant to electric shocks. (rElec)
You are resistant to unholy torment.
You are immune to petrification.


Message History

The torpor snail bites you but does no damage.
You slash the torpor snail! You burn the torpor snail.
The torpor snail is moderately wounded.
The torpor snail misses you.
You slash the torpor snail! You burn the torpor snail.
The torpor snail is heavily wounded.
You block the torpor snail's attack. The torpor snail bites you!
You hit the torpor snail. You burn the torpor snail.
The torpor snail is heavily wounded.
The torpor snail bites you but does no damage.
You hit the torpor snail but do no damage.
The torpor snail is heavily wounded.
You block the torpor snail's attack. The torpor snail misses you.
You hit the torpor snail. You burn the torpor snail.
The torpor snail is heavily wounded.
The torpor snail closely misses you.
You hit the torpor snail. You burn the torpor snail.
The torpor snail is heavily wounded.
The torpor snail bites you!
You hit the torpor snail but do no damage.
The torpor snail is heavily wounded.
The torpor snail bites you but does no damage.
The torpor snail bites you.
You slash the torpor snail! You burn the torpor snail.
The torpor snail is severely wounded.
The torpor snail bites you!
* * * LOW HITPOINT WARNING * * *
Casting: Sandblast (safe; 0% risk of failure)
Confirm with . or Enter, or press ? or * to list all spells.
Aiming: Stone Arrow (safe; 1% risk of failure)
Press: ? - help, Shift-Dir - straight line, f - torpor snail
Aim: a torpor snail (severely wounded, 100% to hit)
The stone arrow hits the torpor snail!
You kill the torpor snail!
Vehumet accepts your kill.
You feel your power returning.
You feel yourself speed up. The lindwurm breathes flames at you.
The blast of flame hits you!!
You die...

.. ##P.#..########.
####..
##..#######..###. .
##.#}. #....#
##....##. ..##.#...
###..## #.....###
......Py## ##..#
#....## # #.......##
#...####..## #
#.P....## ###...#'###
# ####....######
##...## # ##†....##@#
###.⌠.# #
#..#....k#####....##
P....##.....#.#...###
.....######.......##
..#### #.##.P.### #
## #####


You could see a lindwurm (catching breath).

Vanquished Creatures
  An eleionoma (Lair:2)
  A rakshasa (D:13)
  3 hydras
  An ice dragon (Lair:5)
  A catoblepas (Lair:4)
  A vault guard (D:13)
  3 centaur warriors (D:13)
  5 boulder beetles
  A dancing weapon (D:13)
  5 two-headed ogres
  4 death yaks (Lair:3)
  A tengu warrior (D:13)
  Amaemon (Lair:1)
  A fire crab (shapeshifter) (D:13)
  4 skeletal warriors (D:14)
  A skyshark (Lair:4)
  Lodul (D:11)
  Pikel (D:7)
  3 deep elf pyromancers
  3 ugly things
  A salamander (Volcano)
  5 cyclopes
  14 elephants
  A guardian serpent (D:12)
  Maurice (D:8)
  Joseph (Lair:1)
  2 gargoyles
  8 black mambas
  An orange demon (Lair:1)
  12 cane toads
  5 torpor snails
  Maggie (D:7)
  Jeremiah (D:7)
  A rime drake (Lair:2)
  A yaktaur (shapeshifter) (D:13)
  8 komodo dragons
  3 kobold demonologists
  2 efreet (D:13)
  3 tengu conjurers (D:13)
  7 trolls
  7 hornets
  A polar bear (Lair:2)
  2 tyrant leeches (Lair:5)
  A tarantella (Lair:2)
  11 blink frogs
  A jumping spider (Lair:2)
  2 dream sheep (Lair:1)
  Sigmund (D:3)
  A slime creature (D:13)
  3 shadows (D:10)
  3 wyverns
  2 wraiths
  27 yaks
  A hog (shapeshifter) (D:14)
  5 basilisks
  Grum (D:8)
  14 vampire mosquitoes
  2 steam dragons
  18 water moccasins
  2 acid dragons
  7 hell hounds
  2 orc warriors
  2 sky beasts (D:7)
  6 black bears
  2 ice beasts
  9 ogres
  19 wolves
  3 centaurs
  A lemure (D:7)
  A kobold brigand (D:7)
  A gnoll sergeant (D:8)
  2 scorpions
  4 bullfrogs
  5 wights (D:6)
  7 killer bees
  4 electric eels
  5 howler monkeys
  2 hounds
  8 orc priests
  A gnoll bouda (D:7)
  2 jellies
  Jessica (D:2)
  4 iguanas
  9 orc wizards
  21 gnolls
  10 adders
  2 shadow imps
  2 white imps
  2 ufetubi (D:5)
  A worm (D:2)
  2 dart slugs
  30 orcs
  8 endoplasms
  4 giant cockroaches
  7 goblins
  6 hobgoblins
  3 jackals (D:1)
  21 kobolds
  3 quokkas
  7 ball pythons
  8 bats
  5 frilled lizards
  7 rats
481 creatures vanquished.

Vanquished Creatures (others)
  2 centaurs (Volcano)
2 creatures vanquished.

Grand Total: 483 creatures vanquished

Notes
Turn   | Place    | Note
-------+----------+-------------------------------------------
     0 | D:1      | tsujin the Gargoyle Earth Elementalist began the quest for
                  | the Orb.
     0 | D:1      | Reached XP level 1. HP: 10/10 MP: 3/3
   165 | D:1      | Reached XP level 2. HP: 15/15 MP: 0/5
   267 | D:1      | Reached skill level 4 in Earth Magic
   336 | D:1      | Found Xela's Assorted Antiques.
   546 | D:1      | Reached XP level 3. HP: 19/19 MP: 3/6
   571 | D:1      | Learned a level 2 spell: Passwall
   641 | D:1      | Found a faded altar of an unknown god.
  1237 | D:2      | Found Alesin's Antique Weapon Shoppe.
  1358 | D:2      | Noticed Jessica
  1363 | D:2      | Killed Jessica
  1364 | D:2      | Reached XP level 4. HP: 22/24 MP: 5/8
  1738 | D:3      | Noticed Sigmund
  1743 | D:3      | Killed Sigmund
  1744 | D:3      | Reached skill level 5 in Earth Magic
  1744 | D:3      | Reached XP level 5. HP: 17/28 MP: 4/11
  1744 | D:3      | Reached XP level 6. HP: 20/32 MP: 4/12
  1982 | D:3      | Found a radiant altar of Vehumet.
  2163 | D:3      | Found a hide-covered altar of Uskayaw.
  2670 | D:4      | Reached skill level 6 in Earth Magic
  3574 | D:5      | Entered Level 5 of the Dungeon
  3583 | D:5      | Learned a level 3 spell: Stone Arrow
  3637 | D:5      | Reached XP level 7. HP: 28/37 MP: 12/14
  3731 | D:5      | Reached skill level 5 in Spellcasting
  4081 | D:5      | Reached skill level 7 in Earth Magic
  4291 | D:5      | Reached XP level 8. HP: 42/42 MP: 2/17
  4560 | D:5      | Reached skill level 8 in Earth Magic
  4723 | D:5      | Identified the +5 kite shield "Kiguloafypn" {Dex+4}
  5118 | D:3      | Became a worshipper of Vehumet
  5364 | D:6      | Found a staircase to the Ecumenical Temple.
  5571 | D:6      | Reached skill level 9 in Earth Magic
  5573 | D:6      | Reached XP level 9. HP: 44/46 MP: 14/20
  5764 | D:6      | Reached skill level 1 in Shields
  5782 | D:6      | Identified the +1 long sword "Gulic" {vamp, *Slow rPois
                  | rN+++ Int+5}
  5901 | D:7      | Reached skill level 1 in Fighting
  6109 | D:7      | Noticed Maggie
  6117 | D:7      | Killed Maggie
  6245 | D:7      | Reached skill level 10 in Earth Magic
  6348 | D:7      | Reached * piety under Vehumet
  6348 | D:7      | Offered knowledge of Kiss of Death by Vehumet.
  6368 | D:7      | Reached skill level 1 in Evocations
  6382 | D:7      | Found a stormy altar of Qazlal.
  6569 | D:7      | Noticed Pikel
  6588 | D:7      | Killed Pikel
  6589 | D:7      | Reached skill level 1 in Shapeshifting
  6589 | D:7      | Reached XP level 10. HP: 52/52 MP: 14/23
  6753 | D:7      | Noticed Jeremiah
  6851 | D:7      | Killed Jeremiah
  6965 | D:7      | Reached skill level 1 in Maces & Flails
  7432 | D:8      | Noticed Grum
  7497 | D:8      | Killed Grum
  7664 | D:8      | Reached skill level 11 in Earth Magic
  7669 | D:8      | Noticed Maurice
  7679 | D:8      | Paralysed by Maurice for 3 turns
  7684 | D:8      | Killed Maurice
  7685 | D:8      | Reached skill level 1 in Conjurations
  7767 | D:8      | Found a staircase to the Lair.
  7816 | D:8      | Offered knowledge of Searing Ray by Vehumet.
  7825 | D:8      | Reached ** piety under Vehumet
  7854 | D:8      | Found a burning altar of Makhleb.
  8128 | D:8      | Found a snail-covered altar of Cheibriados.
  8143 | D:8      | Found a basalt altar of Yredelemnul.
  8161 | D:8      | Found a sacrificial altar of Ru.
  8176 | D:8      | Found an opulent altar of Gozag.
  8506 | D:9      | Found a glowing silver altar of Zin.
  8563 | D:9      | Reached skill level 10 in Spellcasting
  8857 | D:9      | Noticed a two-headed ogre
  8878 | D:9      | Killed a two-headed ogre
  8879 | D:9      | Reached XP level 11. HP: 33/57 MP: 25/25
  9090 | D:9      | Found an ornate altar of the Wu Jian Council.
  9190 | D:9      | Reached skill level 12 in Earth Magic
  9290 | D:10     | Entered Level 10 of the Dungeon
  9731 | D:10     | Found a runed translucent gate.
  9731 | D:10     | Found a runed translucent gate.
  9731 | D:10     | Found a runed translucent gate.
  9734 | D:10     | Noticed arthad's ghost (journeyman HuCj)
  9857 | D:10     | Offered knowledge of Ignite Poison by Vehumet.
 10148 | Lair:1   | Entered Level 1 of the Lair of Beasts
 10159 | Lair:1   | Learned a level 2 spell: Blink
 10167 | Lair:1   | Noticed a boulder beetle
 10519 | Lair:1   | Noticed Amaemon
 10537 | Lair:1   | Killed Amaemon
 10538 | Lair:1   | Reached skill level 13 in Earth Magic
 10642 | Lair:1   | Reached *** piety under Vehumet
 10777 | Lair:1   | Reached skill level 5 in Shields
 10859 | Lair:1   | Noticed Joseph
 10881 | Lair:1   | Killed Joseph
 10995 | Lair:1   | Learned a level 3 spell: Frozen Ramparts
 11227 | Lair:1   | Reached XP level 12. HP: 64/64 MP: 25/27
 11313 | Lair:1   | Offered knowledge of Fulminant Prism by Vehumet.
 11378 | Lair:1   | Reached skill level 1 in Ice Magic
 11904 | Lair:2   | Reached skill level 14 in Earth Magic
 11957 | Lair:2   | Noticed a catoblepas
 12030 | Lair:2   | Found a staircase to the Swamp.
 12030 | Lair:2   | Noticed an eleionoma
 12039 | Lair:2   | Killed an eleionoma
 12039 | Lair:2   | HP: 3/64 [black mamba (5)]
 12044 | Lair:2   | Reached **** piety under Vehumet
 12263 | Lair:2   | Offered knowledge of Irradiate by Vehumet.
 12879 | Lair:2   | Noticed a boulder beetle
 13003 | Lair:3   | Noticed a death yak
 13003 | Lair:3   | Noticed a death yak
 13003 | Lair:3   | Noticed a death yak
 13003 | Lair:3   | Noticed a death yak
 13092 | Lair:2   | Learned a level 3 spell: Hailstorm
 13415 | D:8      | Killed a boulder beetle
 13953 | D:11     | Found a staircase to the Orcish Mines.
 14017 | D:11     | Noticed Lodul
 14071 | D:11     | Killed Lodul
 14072 | D:11     | Reached XP level 13. HP: 47/68 MP: 17/30
 14436 | D:11     | Reached skill level 15 in Earth Magic
 14673 | D:12     | Reached ***** piety under Vehumet
 14784 | D:12     | Offered knowledge of Conjure Ball Lightning by Vehumet.
 15181 | D:12     | Found the +4 robe of Augmentation {Str+4 Int+4 Dex+4}
 15897 | D:13     | Noticed a vault guard
 15916 | D:13     | Killed a vault guard
 16009 | D:13     | Found a gate to the Vaults.
 16040 | D:13     | Reached skill level 5 in Dodging
 16182 | D:13     | Reached skill level 5 in Conjurations
 16204 | D:13     | Noticed a rakshasa
 16214 | D:13     | Killed a rakshasa
 16617 | D:13     | Reached skill level 16 in Earth Magic
 16714 | D:13     | Gained mutation: Your large and strong wings let you fly.
                  | [Gargoyle growth]
 16714 | D:13     | Reached XP level 14. HP: 72/72 MP: 24/32
 19329 | Lair:4   | Reached skill level 15 in Spellcasting
 19402 | Lair:4   | Reached skill level 17 in Earth Magic
 19546 | Lair:4   | Found a dark tunnel.
 19556 | Lair:4   | Offered knowledge of Flame Wave by Vehumet.
 19563 | Volcano  | Entered a volcano
 20544 | Lair:4   | You are sucked into a shaft and drop 1 floor!
 20544 | Lair:5   | Entered Level 5 of the Lair of Beasts
 20705 | Lair:5   | Identified a scroll of acquirement
 20705 | Lair:5   | Identified the "Nymixati" (You acquired it on level 5 of
                  | the Lair of Beasts)
 20705 | Lair:5   | Acquired Sif Muna's Commentary on Blasted Orogeny
 20727 | Lair:5   | Learned a level 5 spell: Lee's Rapid Deconstruction
 20890 | Lair:5   | Reached skill level 1 in Long Blades
 21368 | Lair:5   | Reached XP level 15. HP: 78/78 MP: 17/34
 21947 | Lair:5   | Found a runed translucent door.
 22189 | Lair:5   | Killed from afar by a lindwurm

Illustrated notes

Levels and vault maps discovered:
D:1:      dpeg_arrival_round_b, layout_basic, serial_shops, shop,
          ebering_ecumenical_altar_mist
D:2:      layout_rooms, serial_shops, shop, kennysheep_generic_room_9,
          uniq_jessica
D:3:      layout_rooms, nicolae_uskayaw_suspiria, mainiacjoe_overflow_alcove_2,
          minivault_25, nicolae_twisty_statue_hallways, uniq_sigmund
D:4:      layout_basic, serial_forest, infiniplex_forest_diagonal,
          infiniplex_forest_lined_room_2, infiniplex_forest_zigzag_2,
          infiniplex_forest_straight_3, infiniplex_forest_straight_2,
          infiniplex_forest_straight_4, infiniplex_forest_corner_1,
          infiniplex_forest_clump_tiny, infiniplex_forest_zigzag_2,
          hangedman_decor_slide_cut
D:5:      layout_basic, minivault_27
D:6:      nicolae_cairo_tiling_large, layout_gridville,
          minmay_temple_entry_statues_pillars
D:7:      layout_basic, nicolae_qazlal_beasts_of_the_sky,
          kennysheep_generic_room_14, uniq_pikel, uniq_jeremiah, uniq_maggie
D:8:      layout_cave_pools, lightli_temple_of_fire,
          nicolae_overflow_quartered_altars, lair_entry_dummy,
          kennysheep_windowed_goal, uniq_grum, uniq_maurice
D:9:      layout_cave_pools, mainiacjoe_overflow_cross_hatched, zin_statuary,
          serial_bayou, serial_bayou_pond_c, serial_bayou_pond_a,
          serial_bayou_lagoon_b, serial_bayou_lagoon_a,
          nicolae_figureground_pulse
D:10:     layout_roguey, biasface_ghost_orc_armoury,
          hangedman_abyss_or_decor_stagger
D:11:     layout_cave_pools, david_orc_3, kennysheep_doodads, uniq_lodul
D:12:     layout_small_grid, nrook_guardian_serpent_ordinary
D:13:     nzn_winding_woodlands_small [nzn_winding_woodlands_5x15_sawtooth,
          nzn_winding_woodlands_center_lodge,
          nzn_winding_woodlands_5x15_pathside_ponds], layout_long_grid,
          erik_vaults_1, chequers_jeans
D:14:     layout_roguey, amethyst_killhole, minmay_unpleasant_kobolds
Lair:1:   layout_regular_city, grunt_megastairs_5, serial_bayou_shore_b,
          uniq_joseph, uniq_amaemon
Lair:2:   layout_cellular_growth, alex1729_swamp_entry_worm_eleionoma,
          spider_nest_entry_rubble, minmay_shattered_shrine, lemuel_fruit_tree
Lair:3:   layout_chaotic_city, gauntlet_entry_generic
Lair:4:   layout_regular_city, nicolae_slime_entry_field_trip, enter_volcano_3,
          grunt_megastairs_2
Lair:5:   wormcave, layout_regular_city, serial_bayou_shore_a

Skill      XL: |  1  2  3  4  5  6  7  8  9 10 11 12 13 14 |
---------------+-------------------------------------------+-----
Earth Magic    | 4 5 6 7 9 10 11 13 14 16 17 | 17.9
Spellcasting   | 3 4 6 7 9 10 11 13 14 15 | 15.8
Stealth        | 3 4 |  4.6
Dodging        | 2 3 4 5 |  5.7
Shields        | 2 3 5 6 7 |  7.9
Fighting       | 1 2 3 |  3.3
Evocations     | 1 |  1.9
Shapeshifting  | 1 |  1.4
Maces & Flails | 1 |  1.7
Conjurations   | 1 2 5 7 |  7.2
Ice Magic      | 2 3 |  3.4
Long Blades    | 1 |  1.6
Transmutations | |  0.8

Action                     |  1- 3 |  4- 6 |  7- 9 | 10-12 | 13-15 || total
---------------------------+-------+-------+-------+-------+-------++-------
  Melee: Unarmed           |     4 |       |       |       |       ||     4
         Whip              |       |     1 |     5 |    44 |    12 ||    62
         Demon blade       |       |       |       |       |    78 ||    78
   Cast: Sandblast         |    59 |    55 |   147 |   374 |   207 ||   842
         Passwall          |     1 |       |       |       |       ||     1
         Stone Arrow       |       |       |     4 |    25 |   313 ||   342
         Frozen Ramparts   |       |       |       |    10 |    14 ||    24
         Hailstorm         |       |       |       |     4 |     2 ||     6
         Lee's Rapid Decon |       |       |       |       |    10 ||    10
    Use: Scroll            |     5 |       |     7 |    13 |     2 ||    27
         Potion            |       |     1 |     1 |     7 |     4 ||    13
 Armour: Robe              |    11 |    11 |    35 |       |   174 ||   231
         Steam dragon scal |       |       |    13 |   309 |    52 ||   374
  Dodge: Dodged            |    20 |     7 |    37 |   136 |   244 ||   444
  Block: Kite shield       |       |       |    35 |   297 |   420 ||   752

Table legend: (Time is in decaauts)
 A = Elapsed time spent in this place.
 B = Non-inter-level travel time spent in this place.
 C = Inter-level travel time spent in this place.
 D = Time resting spent in this place.
 E = Time spent auto-exploring this place.
 F = Levels seen in this place.
 G = Mean time per level.
                   A        B        C        D        E       F      G
               +--------+--------+--------+--------+--------+-----+--------+
         Total |  22642 |  21234 |   1408 |   2633 |  12627 |  20 | 1132.1 |
       Dungeon |  15525 |  14227 |   1298 |   1477 |   9293 |  14 | 1108.9 |
          Lair |   6764 |   6654 |    110 |   1112 |   3237 |   5 | 1352.8 |
       Volcano |    351 |    351 |      0 |     44 |     97 |   1 |  351.0 |
               +--------+--------+--------+--------+--------+-----+--------+

Top non-repeatable levels by time:
    D:13: 1774 daAuts
  Lair:5: 1720 daAuts
  Lair:2: 1588 daAuts
     D:5: 1555 daAuts
     D:7: 1534 daAuts
     D:8: 1449 daAuts
  Lair:1: 1367 daAuts
    D:12: 1254 daAuts
     D:4: 1202 daAuts
     D:1: 1133 daAuts
  Lair:3: 1090 daAuts
     D:9: 1067 daAuts
    D:10: 1066 daAuts
  Lair:4: 998 daAuts
    D:11: 846 daAuts
